 Dungeon Crawl Stone Soup version 0.25-a0-21-ga5a8db46c7 (webtiles) character file.

Game seed: 7679616696081186691, levelgen mode: deterministic

1487 RedPan the Chiller (level 8, -1/57 HPs)
             Began as a Grey Draconian Ice Elementalist on Oct 16, 2019.
             Was an Initiate of Sif Muna.
             Shot with an arrow by a centaur (13 damage)
             ... on level 8 of the Dungeon.
             The game lasted 00:21:51 (8606 turns).

RedPan the Chiller (DrIE)                           Turns: 8606, Time: 00:21:52

Health: -1/57      AC: 13    Str: 11    XL:     8   Next: 50%
Magic:  15/16      EV: 12    Int: 18    God:    Sif Muna [......]
Gold:   247        SH:  0    Dex: 11    Spells: 4/18 levels left

rFire    . . .     SeeInvis .   i - +4 scimitar (freeze)
rCold    + . .     Gourm    .   (no shield)
rNeg     . . .     Faith    .   (armour unavailable)
rPois    +         Spirit   .   (helmet restricted)
rElec    .         Reflect  .   p - scarf {cloud immunity}
rCorr    .         Harm     .   (no gloves)
MR       .....                  j - +1 pair of boots
Stlth    ++........             (no amulet)
HPRegen  0.19/turn              v - ring of poison resistance
MPRegen  0.15/turn              l - ring of protection from cold

@: lightly drained
A: walk through water, unfitting armour, unbreathing, cold-blooded, AC +11
a: Renounce Religion


You were on level 8 of the Dungeon.
You worshipped Sif Muna.
Sif Muna was noncommittal.
You were not hungry.

You visited 2 branches of the dungeon, and saw 8 of its levels.

You collected 247 gold pieces.

Inventory:

Hand Weapons
 e - a +1 dagger
 i - a +4 scimitar of freezing (weapon)
Armour
 j - a +1 pair of boots (worn)
 p - a scarf of cloud immunity (worn)
Magical Staves
 o - an uncursed staff of death
Jewellery
 c - an uncursed ring of resist corrosion
 d - an uncursed ring of protection from cold
 l - a ring of protection from cold (right hand)
 v - a ring of poison resistance (left hand)
 A - the ring of Nobumeth {rC+ rCorr Str+6 Int+4, unknown}
   (You found it on level 6 of the Dungeon)

   [ring of resist corrosion]

   It affects your strength (+6).
   It affects your intelligence (+4).
   It protects you from cold.
   It provides partial protection from all sources of acid and corrosion.
Wands
 r - a wand of paralysis (4)
Scrolls
 a - 3 scrolls of remove curse
 m - 5 scrolls of enchant weapon
 q - 2 scrolls of fog
 y - a scroll of magic mapping
 z - a scroll of enchant armour
Potions
 f - 4 potions of haste
 g - a potion of heal wounds
 h - a potion of invisibility
 k - a potion of mutation
 n - 2 potions of curing
 s - a potion of magic
 t - 2 potions of agility
 u - a potion of degeneration {unknown}
 x - a potion of brilliance
Comestibles
 b - 10 rations
 w - 7 chunks of flesh


   Skills:
 - Level 1.7(1.5) Dodging
 - Level 1.7(1.5) Stealth
 + Level 5.6(5.3) Spellcasting
 - Level 5.1(4.8) Conjurations
 + Level 4.0(3.8) Summonings
 + Level 6.6(6.3) Ice Magic


You had 4 spell levels left.
You knew the following spells:

 Your Spells              Type           Power        Failure   Level  Hunger
a - Freeze                Ice            ####         1%          1    None
b - Throw Frost           Conj/Ice       ####..       1%          2    #......
c - Ozocubu's Armour      Chrm/Ice       ###.....     11%         3    ##.....
d - Throw Icicle          Conj/Ice       ####....     13%         4    ####...
e - Summon Ice Beast      Ice/Summ       ###.....     16%         4    ####...

Your spell library contained the following spells:

 Spells                   Type           Power        Failure   Level  Hunger
 Magic Dart               Conj           ###.         1%          1    None
 Call Imp                 Summ           ###.....     4%          2    #......
 Conjure Flame            Conj/Fire      ##......     14%         3    ##.....
 Blink                    Tloc           N/A          19%         2    #......
 Slow                     Hex            #.......     19%         2    #......
 Mephitic Cloud           Conj/Pois/Air  ##......     21%         3    ##.....


Dungeon Overview and Level Annotations

Branches:
Dungeon (6/15)             Temple (1/1) D:5

Altars:
Elyvilon
Gozag
Hepliaklqana
Kikubaaqudgha
Makhleb
Nemelex Xobeh
Okawaru
Qazlal
Sif Muna
Trog
Uskayaw
Xom
Zin
Lugonu

Shops:
D:4 }

Annotations:
D:8 Prince Ribbit


Innate Abilities, Weirdness & Mutations

You can walk through water.
Your dull iron-grey scales are very hard. (AC +11)
You cannot fit into any form of body armour.
You can survive without breathing.
You are cold-blooded and may be slowed by cold attacks.


Message History

Prince Ribbit is no longer moving slowly.
Prince Ribbit blinks!
Your ice beast hits Prince Ribbit.
Your ice beast freezes Prince Ribbit!
Prince Ribbit seems to slow down.
Prince Ribbit blinks!
The porcupine bites your ice beast!
Prince Ribbit blinks!
There is a stone staircase leading down here.
A centaur comes into view.
The centaur shouts!
The centaur wields a +0 shortbow.
The centaur shoots an arrow.
The arrow hits you but does no damage.
You see here an arrow.
The centaur shoots an arrow.
The arrow hits you!
* * * LOW HITPOINT WARNING * * *
The centaur shoots an arrow.
The arrow hits you but does no damage.
You see here 2 arrows.
The centaur shoots an arrow.
The arrow hits you.
* * * LOW HITPOINT WARNING * * *
You see here an arrow.
The centaur shoots an arrow.
The arrow hits you!
You die...

#### ....# .....# ## # .......
###. ###. #.c...# #... ..
.....####.....# ###.#. P.
#........... #..... .. #@..#
#..... .. #(..# #####..... .. #.
#(O.# #..O...... #.####.######
#(..#####.###..... #...........#
#....>....##......
##.##.##.##.####...#####.##...Y..
##.##....#..........)((..##.O.?r.
....#............)...))..##..ยง.!.
##..#..#.#.........).)...##.#.#.#


You could see a two-headed ogre and a centaur.

Vanquished Creatures
  Sigmund (D:5)
  An orc warrior (D:8)
  An ice beast (D:5)
  3 ogres
  A centaur (D:5)
  A wyvern zombie (D:8)
  A wight (D:8)
  A crimson imp (D:5)
  A hound (D:8)
  A gnoll shaman (D:4)
  Terence (D:3)
  2 orc wizards (D:8)
  5 worker ants
  A hound skeleton (D:6)
  A worker ant zombie (D:2)
  11 gnolls
  4 adders
  2 shadow imps (D:5)
  3 oozes
  2 worms
  A dart slug (D:4)
  4 leopard geckos
  10 orcs
  11 bats
  10 giant cockroaches
  10 goblins
  12 hobgoblins
  7 jackals
  8 kobolds
  6 quokkas
  3 ball pythons
  5 frilled lizards
  A leopard gecko skeleton (D:5)
  A quokka skeleton (D:4)
  10 rats
143 creatures vanquished.

Vanquished Creatures (collateral kills)
  A hippogriff (D:8)
  2 wights (D:8)
  An orc wizard (D:8)
  An orc (D:8)
  A quokka (D:8)
6 creatures vanquished.

Vanquished Creatures (others)
  15 fungi (D:8)
  7 plants (D:8)
22 creatures vanquished.

Grand Total: 171 creatures vanquished

Notes
Turn   | Place    | Note
-------+----------+-------------------------------------------
     0 | D:1      | RedPan the Draconian Ice Elementalist began the quest for
                  | the Orb.
     0 | D:1      | Reached XP level 1. HP: 14/14 MP: 3/3
   327 | D:1      | Reached XP level 2. HP: 7/20 MP: 0/5
  1190 | D:1      | Learned a level 2 spell: Throw Frost
  1314 | D:1      | Reached XP level 3. HP: 26/26 MP: 5/7
  1380 | D:1      | Found a sparkling altar of Nemelex Xobeh.
  2003 | D:2      | Reached skill level 4 in Ice Magic
  2051 | D:2      | Reached XP level 4. HP: 26/33 MP: 0/8
  2532 | D:2      | Found an opulent altar of Gozag.
  2535 | D:2      | Found a burning altar of Makhleb.
  2735 | D:2      | Reached XP level 5. HP: 35/38 MP: 4/10
  2819 | D:2      | Learned a level 3 spell: Ozocubu's Armour
  2977 | D:2      | You fall into a shaft and drop 1 floor!
  3116 | D:3      | Noticed Terence
  3133 | D:3      | Killed Terence
  3269 | D:2      | Found a stormy altar of Qazlal.
  3486 | D:3      | Reached skill level 5 in Ice Magic
  3646 | D:3      | Learned a level 4 spell: Throw Icicle
  3854 | D:3      | Reached XP level 6. HP: 45/45 MP: 8/12
  4759 | D:4      | Found Feotzaas's Gadget Boutique.
  5295 | D:4      | Your scales start taking on a dull iron-grey colour.
  5295 | D:4      | Reached XP level 7. HP: 46/50 MP: 13/13
  5295 | D:4      | Gained mutation: You can survive without breathing. [Grey
                  | Draconian growth]
  5379 | D:4      | Learned a level 4 spell: Summon Ice Beast
  5384 | D:5      | Entered Level 5 of the Dungeon
  5485 | D:5      | Found a staircase to the Ecumenical Temple.
  5494 | Temple   | Entered the Ecumenical Temple
  5535 | Temple   | Became a worshipper of Sif Muna the Loreminder
  5553 | D:5      | Noticed Sigmund
  5569 | D:5      | Killed Sigmund
  5569 | D:5      | Reached skill level 5 in Conjurations
  5569 | D:5      | Reached skill level 1 in Summonings
  6330 | D:5      | Found a white marble altar of Elyvilon.
  6335 | D:5      | HP: 2/50 [ogre/+0 giant club (19)]
  6688 | D:5      | Reached XP level 8. HP: 40/57 MP: 8/15
  6946 | D:5      | Found a sparkling altar of Nemelex Xobeh.
  7378 | D:6      | Reached skill level 5 in Spellcasting
  7378 | D:6      | Reached skill level 6 in Ice Magic
  7459 | D:6      | Found a hide-covered altar of Uskayaw.
  7500 | D:6      | Got a scintillating wooden ring
  7534 | D:6      | You fall into a shaft and drop 2 floors!
  7535 | D:8      | Noticed a hippogriff
  7540 | D:8      | Found a hide-covered altar of Uskayaw.
  7543 | D:8      | Killed a hippogriff
  7597 | D:8      | Noticed Prince Ribbit
  7601 | D:8      | Noticed a white ugly thing
  7608 | D:8      | HP: 1/57 [white ugly thing (16)]
  8588 | D:8      | Noticed a two-headed ogre
  8606 | D:8      | Shot with an arrow by a centaur

Levels and vault maps discovered:
D:1:      roderic_chinese_lattice_arrival, layout_basic,
          nemelex_diamond_rough_becter
D:2:      layout_rooms, old_standard_altar, bloody_makhleb,
          overflow_temple_1_default
D:3:      corexii_shack_village, layout_loops_ring, uniq_terence
D:4:      layout_rooms, serial_shops, shop
D:5:      layout_cave_pods, kennysheep_little_box, marbit_many_paths,
          minmay_temple_entry_antechambers, first_ration, minmay_joined_circles,
          uniq_sigmund
D:6:      layout_loops_ring, eat_drink_and_be_merry_uskayaw,
          cheibrodos_sewer_entry_bend, minmay_misc_feat_enclosed,
          fedhas_altar_fruit_tree
D:8:      layout_loops_cross, lemuel_doored_altar,
          lemuel_zombie_altar_yredelemnul, grunt_lair_entry_orc_guard_hut,
          basic_altar, minmay_shop_enchanted_jewellery, uniq_prince_ribbit1,
          uniq_gastronok
Temple:   corrupted_temple

Skill      XL: |  1  2  3  4  5  6  7  8 |
---------------+-------------------------+-----
Spellcasting   | 3 4 5 |  5.6
Ice Magic      | 4 5 6 |  6.6
Conjurations   | 2 4 5 |  5.1
Summonings     | 2 4 |  4.0
Dodging        | |  1.7
Stealth        | |  1.7

Action                   |  1- 3 |  4- 6 |  7- 9 || total
-------------------------+-------+-------+-------++-------
Melee: Dagger            |    68 |   117 |   155 ||   340
       Tailslap          |     8 |    17 |    22 ||    47
       Scimitar          |       |       |     8 ||     8
 Cast: Freeze            |    50 |   132 |    58 ||   240
       Throw Frost       |     1 |     4 |     2 ||     7
       Summon Ice Beast  |       |       |     8 ||     8
       Throw Icicle      |       |       |     1 ||     1
Evoke: Wand              |       |     2 |     1 ||     3
  Use: Scroll            |     5 |     7 |     5 ||    17
 Stab: Sleeping          |     1 |     3 |     2 ||     6
       Paralysed         |       |     5 |     8 ||    13
  Eat: Chunk             |     4 |     9 |     7 ||    20
       Ration            |       |       |     2 ||     2
Armor: Skin              |    44 |    57 |    92 ||   193
Dodge: Dodged            |    82 |   129 |    99 ||   310
       Rpst.: Scimitar   |       |       |     3 ||     3

Table legend:
 A = Non-vault XP
 B = Vault XP
 C = Vault XP percentage of total XP
 D = Non-vault monster count
 E = Vault monster count
 F = Vault count percentage of total count
                 A         B        C        D         E       F
            +---------+---------+-------+---------+---------+-------
      Total |    1545 |     580 |  27.3 |     133 |      16 |  10.7
            +---------+---------+-------+---------+---------+-------
        D:1 |      80 |       0 |   0.0 |      33 |       0 |   0.0
        D:2 |     149 |       0 |   0.0 |      27 |       0 |   0.0
        D:3 |     119 |      52 |  30.4 |      28 |       9 |  24.3
        D:4 |     340 |       0 |   0.0 |      18 |       0 |   0.0
        D:5 |     248 |     528 |  68.0 |       6 |       7 |  53.8
        D:6 |      56 |       0 |   0.0 |       5 |       0 |   0.0
        D:8 |     553 |       0 |   0.0 |      16 |       0 |   0.0
            +---------+---------+-------+---------+---------+-------
